 Dungeon Crawl Stone Soup version 0.30-a0-808-g6e0788376e (webtiles) character file.

Game seed: 4434484477805695499

30 Maken the Chopper (level 3, 0/33 HPs)
             Began as a Hill Orc Monk on Feb 26, 2023.
             Succumbed to an adder's poison
             ... on level 2 of the Dungeon.
             The game lasted 00:07:53 (1605 turns).

Maken the Chopper (Hill Orc Monk)                   Turns: 1605, Time: 00:07:54

Health: 0/33       AC:  4    Str: 15    XL:     3   Next: 18%
Magic:  3/3        EV: 12    Int: 10    God:
Gold:   53         SH:  0    Dex: 13    Spells: 2/2 levels left

rFire   . . .      SeeInvis .    d - +2 dagger (holy)
rCold   . . .      Faith    .    (no shield)
rNeg    . . .      Spirit   .    j - +0 leather armour
rPois   .          Reflect  .    (no helmet)
rElec   .          Harm     .    (no cloak)
rCorr   .          Rampage  .    (no gloves)
Will    .....                    c - +0 pair of boots
Stlth   ++                       (no amulet)
HPRegen 0.25/turn                (no ring)
MPRegen 0.08/turn                (no ring)

@: lethally poisoned (0 -> -11)
A: no striking features
a: no special abilities


You were on level 2 of the Dungeon.
You visited 1 branch of the dungeon, and saw 2 of its levels.

You collected 53 gold pieces.

Inventory:

Hand Weapons
 a - a +0 hand axe
 d - a +2 dagger of holy wrath (weapon)
Missiles
 k - 3 poisoned darts (quivered)
Armour
 b - a +0 robe
 c - a +0 pair of boots (worn)
 j - a +0 leather armour (worn)
 l - a +0 chain mail
Scrolls
 e - 3 scrolls of teleportation {unknown}
 f - a scroll of fear {unknown}
 h - a scroll of fog {unknown}
 i - a scroll of noise {unknown}
Potions
 g - a potion of magic
 m - a potion of might {unknown}
 n - 2 potions of brilliance {unknown}


   Skills:
 + Level 3.9 Fighting
 + Level 4.4 Axes
 + Level 1.1 Armour
 + Level 2.6 Dodging
 + Level 1.9 Stealth


You had 2 spell levels left.
You didn't know any spells.
Your spell library was empty.

Dungeon Overview and Level Annotations

Branches:
Dungeon (2/15)

Altars:


Message History

The adder poisons you!
You feel sick. The adder misses you. The adder attacks as you move away!
The adder bites you.
You feel sick.
You closely miss the adder.
You feel sick. The adder barely misses you. x2
You closely miss the adder.
You feel sick.
You are no longer poisoned.
The adder bites you but does no damage.
You hit the adder.
The adder is moderately wounded.
The adder bites you.
You are poisoned.
The adder poisons you!
You hit the adder.
The adder is heavily wounded.
You feel sick. The adder closely misses you.
You miss the adder.
The adder is heavily wounded.
You feel sick. The adder bites you.
You are more poisoned.
The adder poisons you! The adder barely misses you.
You miss the adder.
The adder is heavily wounded.
You feel sick. The adder bites you.
You are lethally poisoned!
The adder poisons you!
You hit the adder.
The adder is almost dead.
* * * LOW HITPOINT WARNING * * *
You feel very sick. The adder bites you.
* * * LOW HITPOINT WARNING * * *
You are more poisoned.
The adder poisons you!
You closely miss the adder.
The adder is almost dead.
* * * LOW HITPOINT WARNING * * *
You feel very sick.
The adder bites you but does no damage. x2
It was a potion of magic.
Magic courses through your body.
You die...

#.#####.#..#####..
#.# #.#.... .# #.#
#.#..... .# #.#
#.#..... # #.#
#.#...... #.# ##.
.. #.# .. .. #.#
#.#.# #@# ....###
######S##.......
#..........#
#.####..........
####.......
.###.#. .# .. .# .
..


You could see an adder.

Vanquished Creatures
  2 bats
  2 endoplasms (D:1)
  2 giant cockroaches (D:1)
  4 hobgoblins
  A quokka (D:1)
  5 ball pythons (D:1)
  3 frilled lizards
  2 goblins (D:1)
  4 kobolds (D:1)
  3 rats
28 creatures vanquished.

Vanquished Creatures (others)
  4 plants (D:2)
4 creatures vanquished.

Grand Total: 32 creatures vanquished

Notes
Turn   | Place    | Note
-------+----------+-------------------------------------------
     0 | D:1      | Maken the Hill Orc Monk began the quest for the Orb.
     0 | D:1      | Reached XP level 1. HP: 19/19 MP: 1/1
   116 | D:1      | Reached XP level 2. HP: 20/27 MP: 2/2
   588 | D:1      | Reached skill level 1 in Armour
   607 | D:1      | Reached XP level 3. HP: 20/33 MP: 3/3
  1605 | D:2      | Succumbed to an adder's poison

Illustrated notes

Levels and vault maps discovered:
D:1:      psy_arrival_conway, layout_basic, roderic_serpentine_path
D:2:      layout_loops_ring, dilly_ecumenical_altar_fadedgnrine,
          grunt_ministairs_4, uniq_sigmund

Skill      XL: |  1  2 |
---------------+-------+-----
Armour         | 1 |  1.1
Fighting       | |  3.9
Axes           | |  4.4
Dodging        | |  2.6
Stealth        | |  1.9

Action                     || total
---------------------------++-------
  Melee: Dagger            ||   120
         Hand axe          ||     2
    Use: Potion            ||     2
   Stab: Sleeping          ||     4
 Armour: Robe              ||    20
         Leather armour    ||     9
  Dodge: Dodged            ||    65

Table legend: (Time is in decaauts)
 A = Elapsed time spent in this place.
 B = Non-inter-level travel time spent in this place.
 C = Inter-level travel time spent in this place.
 D = Time resting spent in this place.
 E = Time spent auto-exploring this place.
 F = Levels seen in this place.
 G = Mean time per level.
                   A        B        C        D        E       F      G
               +--------+--------+--------+--------+--------+-----+--------+
         Total |   1608 |   1603 |      5 |     62 |    987 |   2 |  804.0 |
       Dungeon |   1608 |   1603 |      5 |     62 |    987 |   2 |  804.0 |
               +--------+--------+--------+--------+--------+-----+--------+

Top non-repeatable levels by time:
     D:1: 1290 daAuts
     D:2: 317 daAuts
